 Dungeon Crawl Stone Soup version 0.29-a0-837-g174bc33265 (webtiles) character file.

Game seed: 10781773799681077068

112 PentaManta the Slasher (level 4, -1/33 HPs)
             Began as a Merfolk Gladiator on July 13, 2022.
             Slain by Blork the orc
             ... wielding a +0 war axe
              (8 damage)
             ... on level 4 of the Dungeon.
             The game lasted 00:04:54 (3606 turns).

PentaManta the Slasher (Merfolk Gladiator)          Turns: 3606, Time: 00:04:55

Health: -1/33      AC:  4    Str: 14    XL:     4   Next: 95%
Magic:  4/4        EV: 13    Int:  7    God:
Gold:   196        SH:  0    Dex: 17    Spells: 3/3 levels left

rFire   . . .      SeeInvis .   h - +0 falchion
rCold   + . .      Faith    .   (no shield)
rNeg    . . .      Spirit   .   b - +0 leather armour
rPois   .          Reflect  .   c - +0 helmet
rElec   .          Harm     .   (no cloak)
rCorr   .          Rampage  .   (no gloves)
Will    .....                   (no boots)
Stlth   +.........              (no amulet)
HPRegen 0.11/turn               j - ring of protection from cold
MPRegen 0.09/turn               (no ring)

@: no status effects
A: (nimble swimmer 2), mertail
a: no special abilities


You were on level 4 of the Dungeon.
You visited 1 branch of the dungeon, and saw 4 of its levels.

You collected 196 gold pieces.

Inventory:

Hand Weapons
 a - a +0 long sword
 h - a +0 falchion (weapon)
 k - a +0 short sword
 r - a +4 vorpal sling
Missiles
 v - 3 poisoned darts (quivered)
Armour
 b - a +0 leather armour (worn)
 c - a +0 helmet (worn)
Jewellery
 j - a ring of protection from cold (left hand)
 w - a ring of protection from fire
Scrolls
 f - 2 scrolls of identify {unknown}
 i - 3 scrolls of magic mapping {unknown}
 l - a scroll of blinking {unknown}
 m - 2 scrolls of teleportation {unknown}
 n - 3 scrolls of amnesia {unknown}
 o - a scroll of fear {unknown}
 y - a scroll of noise {unknown}
Potions
 g - a potion of curing
 p - 2 potions of lignification {unknown}
 q - a potion of brilliance {unknown}
 s - a potion of ambrosia {unknown}
 t - a potion of magic {unknown}
 u - a potion of berserk rage {unknown}
 x - a potion of heal wounds {unknown}
 z - a potion of degeneration {unknown}


   Skills:
 - Level 2.1 Fighting
 + Level 6.6 Long Blades
 - Level 2.0 Throwing
 - Level 4.0 Dodging


You had 3 spell levels left.
You didn't know any spells.
Your spell library contained the following spells:

 Spells                   Type           Power      Damage    Failure   Level
 Shock                    Conj/Air       0%         1d3       52%         1
 Sting                    Tmut/Pois      0%         1d3       52%         1
 Poisonous Vapours        Pois/Air       0%         N/A       65%         2
 Swiftness                Air            0%         N/A       87%         3
 Airstrike                Air            0%         0-1+      99%         4
 Olgreb's Toxic Radiance  Pois           0%         N/A       99%         4
 Summon Lightning Spire   Summ/Air       0%         N/A       99%         4
 Lightning Bolt           Conj/Air       0%         1d11      100%        5


Dungeon Overview and Level Annotations

Branches:
Dungeon (4/15)
 Temple: D:4-7

Altars:
Hepliaklqana
Makhleb
Nemelex Xobeh
Sif Muna

Annotations:
D:4 Blork the orc


Innate Abilities, Weirdness & Mutations

((You are very nimble when in or above water. (Stealth+, EV+, Speed+++)))
Your lower body shifts to a powerful aquatic tail in water.


Message History

Throw: 2 throwing nets
Press: ? - help, Q - select action, (/) - cycle Shift-Dir - straight line, f/p - Blork the orc
Aim: Blork the orc, wielding a +0 war axe and wearing a +0 robe (65% to hit)
You throw a throwing net. The throwing net hits Blork the orc.
Blork the orc is caught in the net!
Blork the orc struggles against the net.
The worm misses you.
Throw: throwing net
Press: ? - help, Q - select action, (/) - cycle Shift-Dir - straight line, f - worm, p - Blork the orc
Aim: a worm (almost dead, 79% to hit)
You throw a throwing net. The throwing net hits the worm.
The worm is caught in the net!
The worm is almost dead.
Blork the orc struggles against the net.
You barely miss Blork the orc.
Blork the orc mumbles some strange words.
Blork the orc seems to speed up.
Blork the orc struggles against the net.
The worm struggles against the net.
You slash Blork the orc!
Blork the orc is moderately wounded.
You slash Blork the orc!
Blork the orc is heavily wounded.
Blork the orc struggles against the net.
The worm struggles against the net.
Blork the orc struggles against the net.
The net rips apart, and Blork the orc comes free!
It was a potion of curing.
You feel better.
Blork the orc hits you with a +0 war axe.
* * * LOW HITPOINT WARNING * * *
Unknown command.
Throw: javelin
Press: ? - help, Q - select action, (/) - cycle Shift-Dir - straight line, f - Blork the orc, p - worm
Aim: Blork the orc, wielding a +0 war axe and wearing a +0 robe (heavily wounded, fast, 65% to hit)
You throw a javelin.
The javelin pierces through Blork the orc.
Blork the orc is heavily wounded.
Blork the orc barely misses you.
The worm struggles against the net.
Blork the orc hits you with a +0 war axe!
You die...

##.####....##.......#
....................#
..................[.#
....................#
....................#
...###.....##.......#
...###.....##.......#
...........#........#
...........#....@w..#
...........#....o...#
...........#.......$#
...........+........#
...........#........#
...........#$.......#
######.. ##.......#
#...(..##


You could see Blork the orc (fast) and a worm (caught).

Vanquished Creatures
  2 adders
  2 worms
  2 dart slugs (D:1)
  5 orcs (D:3)
  7 ball pythons
  5 bats
  3 endoplasms
  3 giant cockroaches
  13 goblins
  10 hobgoblins
  4 jackals (D:2)
  7 kobolds
  A quokka (D:3)
  2 frilled lizards (D:2)
  4 rats
70 creatures vanquished.

Notes
Turn   | Place    | Note
-------+----------+-------------------------------------------
     0 | D:1      | PentaManta the Merfolk Gladiator began the quest for the
                  | Orb.
     0 | D:1      | Reached XP level 1. HP: 16/16 MP: 1/1
    63 | D:1      | Reached skill level 4 in Long Blades
    99 | D:1      | Reached XP level 2. HP: 20/22 MP: 2/2
   534 | D:1      | Found a faded altar of an unknown god.
   800 | D:1      | Reached XP level 3. HP: 26/27 MP: 3/3
   947 | D:1      | Reached skill level 5 in Long Blades
  2119 | D:2      | Reached XP level 4. HP: 33/33 MP: 4/4
  2590 | D:3      | Reached skill level 6 in Long Blades
  2704 | D:3      | Found a hazy altar of Hepliaklqana.
  2704 | D:3      | Found a sparkling altar of Nemelex Xobeh.
  2705 | D:3      | Found a burning altar of Makhleb.
  3573 | D:4      | Found a shimmering blue altar of Sif Muna.
  3590 | D:4      | Noticed Blork the orc
  3606 | D:4      | Slain by Blork the orc

Illustrated notes

Levels and vault maps discovered:
D:1:      pf_arrival_petrified_forest, layout_basic,
          chequers_ecumenical_altar_lobes, st_stairs_7
D:2:      layout_loops_ring, minmay_misc_feat_rows, hex_medium, st_stairs_13
D:3:      minmay_razor_zed, layout_rooms,
          chequers_temple_overflow_statue_of_worship, hangedman_decor_push,
          minmay_misc_feat_columns
D:4:      layout_gridville, general_overflow_altar, minmay_misc_feat_roman,
          uniq_blork_the_orc

Skill      XL: |  1  2  3  4 |
---------------+-------------+-----
Long Blades    | 4 5 6 |  6.6
Fighting       | |  2.1
Throwing       | |  2.0
Dodging        | |  4.0

Action                   |  1- 3 |  4- 6 || total
-------------------------+-------+-------++-------
Melee: Long sword        |    12 |       ||    12
       Short sword       |    74 |       ||    74
       Falchion          |    49 |   125 ||   174
       Punch             |     2 |       ||     2
Throw: Throwing net      |       |     3 ||     3
       Javelin           |       |     1 ||     1
  Use: Potion            |       |     1 ||     1
 Stab: Distracted        |     1 |     1 ||     2
       Sleeping          |     1 |       ||     1
Armor: Leather armour    |    35 |    45 ||    80
Dodge: Dodged            |    83 |    92 ||   175

Table legend: (Time is in decaauts)
 A = Elapsed time spent in this place.
 B = Non-inter-level travel time spent in this place.
 C = Inter-level travel time spent in this place.
 D = Time resting spent in this place.
 E = Time spent auto-exploring this place.
 F = Levels seen in this place.
 G = Mean time per level.
                   A        B        C        D        E       F      G
               +--------+--------+--------+--------+--------+-----+--------+
         Total |   3606 |   3324 |    282 |     99 |   2652 |   4 |  901.5 |
       Dungeon |   3606 |   3324 |    282 |     99 |   2652 |   4 |  901.5 |
               +--------+--------+--------+--------+--------+-----+--------+

Top non-repeatable levels by time:
     D:1: 1371 daAuts
     D:3: 1021 daAuts
     D:2: 1017 daAuts
     D:4: 195 daAuts
